 Dungeon Crawl Stone Soup version 0.31.0-11-ge490571c62 (webtiles) character file.

Game seed: 14117251857191628622

144 qw the Skirmisher (level 5, 0/29 HPs)
             Began as a Deep Elf Hunter on Feb 3, 2024.
             Succumbed to their own poison gas
             ... on level 2 of the Dungeon.
             The game lasted 00:00:08 (1988 turns).

qw the Skirmisher (Deep Elf Hunter)                 Turns: 1988, Time: 00:00:09

Health: 0/29       AC:  5    Str:  8 (10) XL:     5   Next: 5%
Magic:  7/7        EV: 10    Int: 16 (17) God:
Gold:   130        SH:  5    Dex: 17 (18) Spells: 4/4 levels left

rFire   . . .        l - +0 orcbow
rCold   + . .        (shield currently unavailable)
rNeg    . . .        d - +0 ring mail
rPois   .            (no helmet)
rElec   .            (no cloak)
rCorr   .            (no gloves)
SInv    .            (no boots)
Will    .....        a - amulet of Mepniarph {Reflect Int+3 SH+5}
Stlth   +            c - ring of protection from cold
HPRegen 0.24/turn    (no ring)
MPRegen 0.10/turn

%: reflection
@: lethally poisoned (0 -> -1)
A: no striking features
a: no special abilities


You were on level 2 of the Dungeon.
You visited 1 branch of the dungeon, and saw 2 of its levels.

You collected 130 gold pieces.


   Skills:
 - Level 1.5 Fighting
 + Level 8.4 Ranged Weapons
 - Level 2.4 Dodging
 - Level 1.2 Stealth


You had 4 spell levels left.
You didn't know any spells.
Your spell library was empty.

Inventory:

Hand Weapons
 l - a +0 orcbow (weapon)
Armour
 d - a +0 ring mail (worn)
Jewellery
 a - the amulet of Mepniarph (around neck) {Reflect Int+3 SH+5}
   (You acquired it on level 2 of the Dungeon)

   [amulet of reflection]

   Reflect:   It reflects blocked missile attacks.
   Int+3:     It affects your intelligence (+3).
   SH+5:      It affects your SH (+5).
 c - a ring of protection from cold (left hand)
Potions
 f - a potion of brilliance {unknown}
 g - a potion of lignification {unknown}
 h - a potion of enlightenment {unknown}
 k - a potion of haste {unknown}

Dungeon Overview and Level Annotations

Branches:
Dungeon (2/15)

Altars:
Ashenzari
Cheibriados
Dithmenos
Elyvilon
Gozag
Uskayaw
Xom


Message History

The air fills with toxic fumes!
As you read the scroll labelled MUCENTOIFI, it crumbles to dust.
It was a scroll of poison.
Done exploring.
What level of the Dungeon? (default 2, ? - help) Sorry, I don't know how to get there.
Enter note:
Enter note:
Enter note:
Enter note:
Enter note:
Enter note:
Enter note:
Enter note:
Enter note:
Enter note:
Enter note:
Enter note: You are engulfed in poison gas.
You are poisoned.
You feel very sick.
1979 ||| Stepping ~*~*~tactically~*~*~ (cloud).
You feel very sick.
There is a lethal amount of poison in your body!
You feel very sick.
There is a lethal amount of poison in your body!
You feel very sick.
There is a lethal amount of poison in your body!
You feel sick.
There is a lethal amount of poison in your body!
You feel sick.
There is a lethal amount of poison in your body!
You feel sick.
There is a lethal amount of poison in your body!
You feel sick.
There is a lethal amount of poison in your body!
You feel sick.
There is a lethal amount of poison in your body!
You feel sick.
There is a lethal amount of poison in your body!
You die...

.# .### ...###### ##############
###.....# #...##.......# #.....#
#...##.......# #.....##########
#..0##.......#
#.......00..0.¤###000##.......#
###........¤0¤0¤.¤0¤¤¤¤##.......#
..'.......0.0.¤0@0¤¤00###.......#
.##.......0.00.¤¤00.0¤###.......#
..........00..000000.¤+.........'
<.........¤0¤0000¤0.0¤¤0........#
..#.......00¤0.####0###.##.#.##.#
.....###..¤00¤0####0###.##.#.##.#
........)..0¤¤¤.....0........##.#
...#...........##.###.##.#.#.##..
#..+.......................#....#


There were no monsters in sight!

Vanquished Creatures
  2 jellies (D:2)
  An adder (D:2)
  A ribbon worm (D:2)
  2 dart slugs (D:1)
  An orc (D:2)
  10 endoplasms
  A giant cockroach (D:1)
  6 goblins
  2 hobgoblins
  6 jackals
  13 kobolds
  2 quokkas (D:1)
  5 ball pythons
  5 bats
  3 frilled lizards
  8 rats
68 creatures vanquished.

Notes
Turn   | Place    | Note
-------+----------+-------------------------------------------
     0 | D:1      | qw the Deep Elf Hunter began the quest for the Orb.
     0 | D:1      | Reached XP level 1. HP: 12/12 MP: 3/3
     0 | D:1      | 0 ||| qw: Version: 0.3-a-157-g843a77d
     0 | D:1      | 0 ||| qw: Game counter: 3705
     0 | D:1      | 0 ||| qw: Melee chars always use a shield: true
     0 | D:1      | 0 ||| qw: God list: Okawaru
     0 | D:1      | 0 ||| qw: Allow faded altars: false
     0 | D:1      | 0 ||| qw: Do Orc after clearing Dungeon:15 true
     0 | D:1      | 0 ||| qw: Do second Lair branch before Depths: true
     0 | D:1      | 0 ||| qw: Lair rune preference: random
     0 | D:1      | 0 ||| qw: Goals: Normal
     0 | D:1      | 0 ||| PLANNING D:1-11
   110 | D:1      | Reached skill level 6 in Ranged Weapons
   110 | D:1      | Reached XP level 2. HP: 16/16 MP: 4/4
   371 | D:1      | HP: 4/16 [constriction (1)]
   450 | D:1      | Found a faded altar of an unknown god.
   699 | D:1      | Reached XP level 3. HP: 20/20 MP: 5/5
  1119 | D:1      | 1119 ||| UPGRADING to +0 ring mail.
  1129 | D:1      | 1129 ||| DROPPING +0 leather armour.
  1130 | D:1      | 1130 ||| READING scroll labelled PENOEBL EJERCH.
  1131 | D:1      | 1131 ||| DRINKING 2 fizzy orange potions.
  1132 | D:1      | 1132 ||| DRINKING fuming grey potion.
  1133 | D:1      | 1133 ||| DRINKING inky potion.
  1134 | D:1      | 1134 ||| DROPPING scroll of butterflies.
  1135 | D:1      | 1135 ||| DROPPING potion of ambrosia.
  1251 | D:2      | Found a snail-covered altar of Cheibriados.
  1318 | D:2      | Reached skill level 7 in Ranged Weapons
  1320 | D:2      | Identified the +4 dagger of Disgust {spect, rF+ Int-5
                  | Dex+5}
  1482 | D:2      | Identified the +2 robe "Jiaxtos" {Int+2}
  1633 | D:2      | Reached XP level 4. HP: 25/25 MP: 6/6
  1689 | D:2      | Reached skill level 8 in Ranged Weapons
  1744 | D:2      | Found an opulent altar of Gozag.
  1744 | D:2      | Found a white marble altar of Elyvilon.
  1744 | D:2      | Found a hide-covered altar of Uskayaw.
  1744 | D:2      | Found a shadowy altar of Dithmenos.
  1744 | D:2      | Found a shimmering altar of Xom.
  1744 | D:2      | Found a broken altar of Ashenzari.
  1752 | D:2      | Reached XP level 5. HP: 17/29 MP: 7/7
  1917 | D:2      | 1917 ||| SWAPPING to +0 orcbow.
  1919 | D:2      | 1919 ||| DROPPING +0 shortbow.
  1964 | D:2      | 1964 ||| DROPPING +2 robe "Jiaxtos" {Int+2}.
  1965 | D:2      | 1965 ||| UPGRADING to ring of protection from cold.
  1966 | D:2      | 1966 ||| READING scroll labelled WUTALY AGRO.
  1970 | D:2      | 1970 ||| READING scroll labelled ITINIMOLET.
  1970 | D:2      | Identified a scroll of acquirement
  1970 | D:2      | 1970 ||| ACQUIRING amulet of Mepniarph {Reflect Int+3 SH+5}
  1970 | D:2      | Acquired the amulet of Mepniarph {Reflect Int+3 SH+5}
  1972 | D:2      | 1972 ||| UPGRADING to amulet of Mepniarph {Reflect Int+3
                  | SH+5}.
  1977 | D:2      | 1977 ||| READING scroll labelled MUCENTOIFI.
  1979 | D:2      | 1979 ||| Stepping ~*~*~tactically~*~*~ (cloud).
  1981 | D:2      | HP: 7/29 [poisoned by you (poison gas)]
  1984 | D:2      | HP: 3/29 [poisoned by you (poison gas)]
  1987 | D:2      | HP: 1/29 [poisoned by you (poison gas)]
  1988 | D:2      | Succumbed to their own poison gas

Levels and vault maps discovered:
D:1:      dpeg_arrival_rooms_a, layout_basic, shapermc_ecumenical_altar_ellora
D:2:      cheibrodos_fertilizer, layout_basic, basic_altar, minmay_diced_spiral

Skill      XL: |  1  2  3  4 |
---------------+-------------+-----
Ranged Weapons | 6 7 8 |  8.4
Fighting       | |  1.5
Dodging        | |  2.4
Stealth        | |  1.2

Action                     |  1- 3 |  4- 6 || total
---------------------------+-------+-------++-------
   Fire: Shortbow          |   180 |    31 ||   211
         Orcbow            |       |     1 ||     1
    Use: Potion            |     3 |       ||     3
         Scroll            |     1 |     3 ||     4
 Armour: Leather armour    |    35 |       ||    35
         Ring mail         |    29 |     8 ||    37
  Dodge: Dodged            |    63 |       ||    63

Table legend:
 A = Non-vault XP
 B = Vault XP
 C = Vault XP percentage of total XP
 D = Non-vault monster count
 E = Vault monster count
 F = Vault count percentage of total count
                 A         B        C        D         E       F
            +---------+---------+-------+---------+---------+-------
      Total |      96 |     111 |  53.6 |      51 |      17 |  25.0
            +---------+---------+-------+---------+---------+-------
        D:1 |      49 |       0 |   0.0 |      29 |       0 |   0.0
        D:2 |      47 |     111 |  70.3 |      22 |      17 |  43.6
            +---------+---------+-------+---------+---------+-------
